 Dungeon Crawl Stone Soup version 0.25-a0-617-g20d90ebb82 (webtiles) character file.

Game seed: 1790162801425558541, levelgen mode: deterministic

150 Chromatus the Slasher (level 5, -2/30 HPs)
             Began as a Tengu Gladiator on Mar 18, 2020.
             Killed from afar by an orc wizard (9 damage)
             ... with a magic dart
             ... on level 3 of the Dungeon.
             The game lasted 00:07:08 (1658 turns).

Chromatus the Slasher (Tengu Gladiator)             Turns: 1658, Time: 00:07:08

Health: -2/30      AC:  9    Str: 14    XL:     5   Next: 32%
Magic:  6/6        EV:  9    Int: 10    God:
Gold:   110        SH:  0    Dex: 15    Spells: 4/4 levels left

rFire    . . .     SeeInvis .   a - +0 long sword
rCold    . . .     Gourm    .   (no shield)
rNeg     . . .     Faith    .   q - +0 chain mail
rPois    .         Spirit   .   c - +0 hat
rElec    .         Reflect  .   (no cloak)
rCorr    .         Harm     .   m - +0 pair of gloves
MR       .....                  (boots unavailable)
Stlth    ..........             (no amulet)
HPRegen  0.10/turn              (no ring)
MPRegen  0.10/turn              (no ring)

@: flying quickly and evasively, quick
A: beak, talons 3, able to fly
a: Stop Flying


You were on level 3 of the Dungeon.
You were hungry.

You visited 1 branch of the dungeon, and saw 4 of its levels.

You collected 110 gold pieces.

Inventory:

Hand Weapons
 a - a +0 long sword (weapon)
Missiles
 d - 3 throwing nets (quivered) {!f}
Armour
 b - a +0 leather armour
 c - a +0 hat (worn)
 m - a +0 pair of gloves (worn)
   (You found it on level 1 of the Dungeon)
 q - a +0 chain mail (worn)
   (You found it on level 2 of the Dungeon)
Scrolls
 g - a scroll of enchant weapon {unknown}
 h - a scroll of magic mapping {unknown}
 i - a scroll of noise {unknown}
 l - a scroll of identify {unknown}
 n - 3 scrolls of teleportation {unknown}
 o - 2 scrolls of remove curse {unknown}
 p - a scroll of random uselessness {unknown}
 s - a scroll of immolation {unknown}
Potions
 j - 3 potions of berserk rage {unknown}
 k - a potion of lignification {unknown}
 r - a potion of might {unknown}
 t - a potion of heal wounds {unknown}
Comestibles
 e - 6 rations {!d}


   Skills:
 - Level 2.0 Fighting
 + Level 5.1 Long Blades
 - Level 2.0 Throwing
 + Level 5.1 Dodging


You had 4 spell levels left.
You didn't know any spells.
Your spell library was empty.

Dungeon Overview and Level Annotations

Branches:
Dungeon (4/15)
 Temple: D:4-7

Altars:


Innate Abilities, Weirdness & Mutations

You have a beak for a mouth.
You have claws for feet.
You can fly continuously.


Message History

Deactivating autopickup; reactivate with Ctrl-A.
The worker ant barely misses you. Something hits you but does no damage.
The worker ant barely misses you. Something hits you but does no damage.
You hit the worker ant. Your kick misses the worker ant.
You hear some strange, mumbled words.
A puff of frost appears from out of thin air!
The puff of frost hits you.
The worker ant bites you but does no damage.
Something completely misses you.
The worker ant bites you but does no damage.
Unknown command.
You slash the worker ant!
You kill the worker ant!
Your Long Blades skill increases to level 5!
Your Dodging skill increases to level 5!
The quokka skeleton bites you but does no damage. x2
Something hits you but does no damage.
You hear some strange, mumbled words.
A puff of flame appears from out of thin air!
The puff of flame hits you.
There is a stone staircase leading up here.
Setting a skill training target for Long Blades at 14.0.
You hit the quokka skeleton. Your kick misses the quokka skeleton.
The quokka skeleton bites you but does no damage. x2
You hit the quokka skeleton.
You destroy the quokka skeleton!
You hear some strange, mumbled words.
A puff of flame appears from out of thin air!
The puff of flame hits you!
* * * LOW HITPOINT WARNING * * *
You miss something. You claw something.
You hear some strange, mumbled words.
A puff of flame appears from out of thin air!
The puff of flame hits you.
* * * LOW HITPOINT WARNING * * *
Something hits you but does no damage. Something hits you but does no damage.
Something hits you.
* * * LOW HITPOINT WARNING * * *
You fly upwards.
Reactivating autopickup.
There is a stone staircase leading down here.
Things that are here:
a +0 robe; a +0 dagger A magic dart appears from out of thin air!
Deactivating autopickup; reactivate with Ctrl-A.
The magic dart hits you!
You die...

###########
#.......(.#
#.....[.).######
##.)....>@.......
#................
#.####..###......
#####.... ##..#
#.##.# .<....#
##<## .# #
.###### #..# # .
##.# . #.# . #.#


There were no monsters in sight!

Vanquished Creatures
  An orc wizard (D:3)
  A worker ant (D:4)
  2 adders (D:2)
  2 oozes
  3 dart slugs (D:1)
  A leopard gecko (D:2)
  4 orcs (D:3)
  10 bats
  5 giant cockroaches
  6 goblins
  3 hobgoblins (D:2)
  9 kobolds
  A quokka (D:2)
  5 frilled lizards
  A quokka skeleton (D:4)
  7 rats
61 creatures vanquished.

Notes
Turn   | Place    | Note
-------+----------+-------------------------------------------
     0 | D:1      | Chromatus the Tengu Gladiator began the quest for the Orb.
     0 | D:1      | Reached XP level 1. HP: 12/12 MP: 2/2
   116 | D:1      | Reached XP level 2. HP: 13/17 MP: 3/3
   482 | D:1      | Reached XP level 3. HP: 19/21 MP: 4/4
   791 | D:2      | Reached XP level 4. HP: 26/26 MP: 5/5
  1435 | D:3      | Gained mutation: You can fly continuously. [Tengu growth]
  1435 | D:3      | Reached XP level 5. HP: 10/30 MP: 6/6
  1651 | D:4      | Reached skill level 5 in Long Blades
  1651 | D:4      | Reached skill level 5 in Dodging
  1658 | D:3      | Killed from afar by an orc wizard

Levels and vault maps discovered:
D:1:      dpeg_arrival_windows_large_door, layout_rooms
D:2:      layout_rooms
D:3:      layout_rooms, nrook_mini_backslash, uniq_crazy_yiuf_cottage
D:4:      layout_cave_pools, minmay_three_crescents

Skill      XL: |  1  2  3  4  5 |
---------------+----------------+-----
Long Blades    | 4 5 |  5.1
Dodging        | 4 5 |  5.1
Fighting       | |  2.0
Throwing       | |  2.0

Action                   |  1- 3 |  4- 6 || total
-------------------------+-------+-------++-------
Melee: Long sword        |    67 |    75 ||   142
       Kick              |    23 |    18 ||    41
       Peck              |    10 |    12 ||    22
 Abil: Fly               |       |     1 ||     1
 Stab: Sleeping          |     1 |       ||     1
  Eat: Chunk             |       |     2 ||     2
Armor: Leather armour    |    12 |       ||    12
       Chain mail        |     3 |    69 ||    72
Dodge: Dodged            |    61 |    54 ||   115
       Rpst.: Long sword |    18 |    14 ||    32

Table legend:
 A = Non-vault XP
 B = Vault XP
 C = Vault XP percentage of total XP
 D = Non-vault monster count
 E = Vault monster count
 F = Vault count percentage of total count
                 A         B        C        D         E       F
            +---------+---------+-------+---------+---------+-------
      Total |     215 |       0 |   0.0 |      61 |       0 |   0.0
            +---------+---------+-------+---------+---------+-------
        D:1 |      57 |       0 |   0.0 |      28 |       0 |   0.0
        D:2 |      70 |       0 |   0.0 |      25 |       0 |   0.0
        D:3 |      53 |       0 |   0.0 |       6 |       0 |   0.0
        D:4 |      35 |       0 |   0.0 |       2 |       0 |   0.0
            +---------+---------+-------+---------+---------+-------
